[Event "December 19 Early 2023"]
[Site "https://www.chess.com"]
[Date "2023.12.19"]
[Round "4"]
[White "Tay, Junior"]
[Black "Ozates, Tuna"]
[Result "0-1"]
[Board "128"]
[TimeControl "180+1"]
[WhiteFideId "5800439"]
[BlackFideId "6354521"]
[WhiteElo "2216"]
[BlackElo "2151"]
[WhiteTeam "SGP"]
[BlackTeam "TUR"]
[WhiteClock "0:00:11"]
[BlackClock "0:00:07"]

1. e4 e5 2. Nc3 Nf6 3. f4 d5 4. fxe5 Nxe4 5. d3 Nxc3 6. bxc3 d4 7. Nf3 Nc6 8. Be2 Bg4 9. O-O Qd7 10. Rb1 Bc5 11. Kh1 Bxf3 12. Bxf3 Bb6 13. c4 O-O 14. Ba3 Rfe8 15. Bd5 Nxe5 16. Qh5 g6 17. Qh6 c6 18. Be4 f5 19. Bf3 Nxf3 20. Rxf3 Re2 21. Rbf1 Rae8 22. h4 Qg7 23. Qc1 Bc7 24. Bb4 Qe5 25. g3 a5 26. Bd2 b5 27. cxb5 cxb5 28. Bf4 Qe7 29. Bxc7 Qxc7 30. Qg5 Qxc2 31. Kg1 Rg2+ 0-1

[Event "December 19 Early 2023"]
[Site "https://www.chess.com"]
[Date "2023.12.19"]
[Round "4"]
[White "Zilleruelo Irizarry, Diego"]
[Black "Ghevondyan, Arman"]
[Result "0-1"]
[Board "129"]
[TimeControl "180+1"]
[WhiteFideId "3101460"]
[BlackFideId "13312073"]
[WhiteElo "2009"]
[BlackElo "2176"]
[WhiteTeam "PUR"]
[BlackTeam "ARM"]
[WhiteClock "0:01:14"]
[BlackClock "0:02:35"]

1. e4 c5 2. Nf3 Nc6 3. Bb5 g6 4. O-O Bg7 5. Bxc6 bxc6 6. d3 Nh6 7. Nc3 O-O 8. h3 d6 9. Qe2 f6 10. Bxh6 Bxh6 11. g4 Rb8 12. b3 e5 13. Na4 Rf7 14. Nb2 f5 15. exf5 gxf5 16. g5 Bxg5 17. Nxg5 Qxg5+ 18. Kh1 Kh8 19. Rg1 Qh6 20. Qf3 f4 21. Nc4 Bxh3 22. Rgc1 0-1

[Event "December 19 Early 2023"]
[Site "https://www.chess.com"]
[Date "2023.12.19"]
[Round "4"]
[White "Korol, Dimitry"]
[Black "aksuliini1"]
[Result "1/2-1/2"]
[Board "130"]
[TimeControl "180+1"]
[WhiteFideId "14108003"]
[WhiteElo "2262"]
[BlackElo "2546"]
[WhiteTeam "UKR"]
[WhiteClock "0:00:09"]
[BlackClock "0:00:09"]

1. d4 Nf6 2. c4 e6 3. Nc3 Bb4 4. Qc2 O-O 5. e4 d5 6. cxd5 exd5 7. e5 Ne4 8. Bd3 c5 9. Ne2 cxd4 10. Nxd4 Qe7 11. f4 Qc5 12. Be3 Nxc3 13. a3 Ne4+ 14. axb4 Qxb4+ 15. Kf1 Nc6 16. Nxc6 bxc6 17. Bxe4 dxe4 18. Kf2 Qb5 19. Rhc1 Bf5 20. Qxc6 Qxb2+ 21. Qc2 Qb5 22. Rxa7 Rxa7 23. Bxa7 f6 24. exf6 Rxf6 25. Qc4+ Qxc4 26. Rxc4 Ra6 27. Be3 Ra2+ 28. Kg3 h5 29. h3 Ra3 30. Kf2 Ra2+ 31. Kg3 Kh7 32. Rc5 g6 33. Rc7+ Kg8 34. Bd4 Ra3+ 35. Kh4 e3 36. Rg7+ Kf8 37. Bc5+ Kxg7 38. Bxa3 e2 39. Bb4 Be4 40. Kg3 h4+ 41. Kf2 Kf6 42. Ba5 Kf5 43. Bd8 Bd3 44. Bxh4 Kxf4 45. Be7 Ke4 46. Bb4 Kd5 47. Be1 Kc4 48. Bd2 Kb3 49. g4 Kc2 50. Be1 Kd1 51. h4 Be4 52. h5 gxh5 53. gxh5 Bh7 54. h6 Bc2 55. Ba5 Bh7 56. Be1 Bc2 57. Ba5 Bh7 58. Be1 1/2-1/2

[Event "December 19 Early 2023"]
[Site "https://www.chess.com"]
[Date "2023.12.19"]
[Round "4"]
[White "Dinu, Dumitru-Daniel"]
[Black "Guimaraes, Wagner Peixoto"]
[Result "1-0"]
[Board "131"]
[TimeControl "180+1"]
[WhiteFideId "1208403"]
[BlackFideId "2100940"]
[WhiteElo "2240"]
[BlackElo "2140"]
[WhiteTeam "ROU"]
[BlackTeam "BRA"]
[WhiteClock "0:00:09"]
[BlackClock "0:00:08"]

1. e4 c5 2. Nf3 e6 3. d4 cxd4 4. Nxd4 Nf6 5. Nc3 Nc6 6. Ndb5 Bb4 7. Bf4 Nxe4 8. Nc7+ Kf8 9. Qf3 d5 10. Nxa8 Bxc3+ 11. bxc3 e5 12. Bc1 Be6 13. Bd3 Nf6 14. Bb5 Qxa8 15. O-O h6 16. Re1 Ne4 17. Bxc6 bxc6 18. c4 f5 19. cxd5 cxd5 20. Qa3+ Kf7 21. Rb1 Rc8 22. Bb2 d4 23. f3 Nf6 24. Rxe5 Rxc2 25. Rbe1 Bd5 26. Bxd4 Bxf3 27. Qxf3 1-0

[Event "December 19 Early 2023"]
[Site "https://www.chess.com"]
[Date "2023.12.19"]
[Round "4"]
[White "Baches Garcia, Guillermo"]
[Black "Jankowiak, Tomasz"]
[Result "0-1"]
[Board "132"]
[TimeControl "180+1"]
[WhiteFideId "2209764"]
[BlackFideId "1185357"]
[WhiteElo "2514"]
[BlackElo "2056"]
[WhiteTeam "ESP"]
[BlackTeam "POL"]
[WhiteClock "0:00:00"]
[BlackClock "0:01:59"]

1. d4 Nf6 2. Nf3 d5 3. Bg5 Ne4 4. Bf4 c5 5. dxc5 Nc6 6. Nbd2 Nxc5 7. e3 f6 8. Bg3 e5 9. Be2 Bd6 10. Nb3 Nxb3 11. axb3 Be6 12. c3 O-O 13. O-O f5 14. Bb5 Qf6 15. Re1 g5 16. c4 Ne7 17. cxd5 Bxd5 18. h4 h6 19. Bc4 Bxc4 20. bxc4 f4 21. hxg5 hxg5 22. exf4 exf4 23. Bh2 g4 24. Nd4 g3 25. Qg4+ Qg6 26. Qxg6+ Nxg6 27. Re6 gxh2+ 28. Kh1 Bc5 29. Nb3 Kf7 30. Nxc5 b6 0-1

[Event "December 19 Early 2023"]
[Site "https://www.chess.com"]
[Date "2023.12.19"]
[Round "4"]
[White "Hartikainen, Jarmo"]
[Black "Buksa, Nataliya"]
[Result "0-1"]
[Board "133"]
[TimeControl "180+1"]
[WhiteFideId "503134"]
[BlackFideId "14123622"]
[WhiteElo "2143"]
[BlackElo "2316"]
[WhiteTeam "FIN"]
[BlackTeam "UKR"]
[WhiteClock "0:00:01"]
[BlackClock "0:00:33"]

1. e4 c5 2. c3 e5 3. d4 cxd4 4. cxd4 exd4 5. Nf3 Nc6 6. Nxd4 d5 7. Nxc6 bxc6 8. exd5 Bb4+ 9. Nc3 Nf6 10. Qe2+ Qe7 11. Qxe7+ Kxe7 12. Bg5 cxd5 13. O-O-O Bxc3 14. bxc3 Be6 15. Rd4 h6 16. Bxf6+ Kxf6 17. Bd3 Rhc8 18. Kd2 Rab8 19. Rb1 Rxb1 20. Bxb1 Rb8 21. Rb4 Rxb4 22. cxb4 Ke5 23. a4 Kd4 24. Bd3 Bd7 25. a5 g5 26. f3 f5 27. g3 f4 28. gxf4 gxf4 29. Be2 Ba4 30. h4 Bb3 31. b5 Kc5 32. b6 axb6 33. a6 Ba4 34. a7 Bc6 35. Ba6 b5 36. Bc8 Kb6 37. Bd7 Bb7 38. Kc3 Kc5 39. Bc8 Ba8 40. Be6 d4+ 41. Kd3 Bxf3 42. Bf5 Kb6 43. Be4 Bxe4+ 44. Kxe4 Kxa7 45. Kxd4 Kb6 46. Ke4 b4 47. Kd4 f3 0-1

[Event "December 19 Early 2023"]
[Site "https://www.chess.com"]
[Date "2023.12.19"]
[Round "4"]
[White "Shimanov, Aleksandr"]
[Black "Balla, Tamas-Kristof"]
[Result "1-0"]
[Board "134"]
[TimeControl "180+1"]
[WhiteFideId "4198603"]
[BlackFideId "1208497"]
[WhiteElo "2611"]
[BlackElo "2306"]
[WhiteTeam "RUS"]
[BlackTeam "ROU"]
[WhiteClock "0:01:08"]
[BlackClock "0:00:27"]

1. e4 c5 2. Nf3 Nc6 3. Bb5 Nf6 4. Bxc6 dxc6 5. d3 Nd7 6. Bf4 Nb6 7. h3 g6 8. Nc3 Bg7 9. Qd2 Be6 10. O-O O-O 11. Rad1 Qd7 12. b3 Rad8 13. Bh6 f5 14. Bxg7 Kxg7 15. Ng5 f4 16. Ne2 h6 17. Nxe6+ Qxe6 18. Nxf4 Qf6 19. Ne2 c4 20. bxc4 Nxc4 21. Qb4 Nb6 22. a4 Rd7 23. a5 Nc8 24. f4 b6 25. e5 Qe6 26. axb6 Nxb6 27. Qc5 Rd5 28. Qe3 Rfd8 29. Rde1 a5 1-0

[Event "December 19 Early 2023"]
[Site "https://www.chess.com"]
[Date "2023.12.19"]
[Round "4"]
[White "Pichot, Alan"]
[Black "Dwilewicz, Katarzyna"]
[Result "1-0"]
[Board "135"]
[TimeControl "180+1"]
[WhiteFideId "110973"]
[BlackFideId "1148486"]
[WhiteElo "2592"]
[BlackElo "2098"]
[WhiteTeam "ESP"]
[BlackTeam "POL"]
[WhiteClock "0:00:19"]
[BlackClock "0:00:02"]

1. d4 d5 2. Nf3 e6 3. c4 dxc4 4. e4 a6 5. Bxc4 b5 6. Bd3 Bb7 7. a4 b4 8. O-O c5 9. dxc5 Bxc5 10. Qe2 Nd7 11. Nbd2 Ngf6 12. Nc4 Qc7 13. g3 e5 14. Bg5 O-O 15. Rac1 Rfe8 16. Nh4 h6 17. Be3 Rac8 18. f3 Bxe3+ 19. Qxe3 Qc5 20. Nf5 Qxe3+ 21. Ncxe3 Nc5 22. Bc4 Rcd8 23. b3 Ne6 24. Rfd1 Nd4 25. Nxd4 exd4 26. Nf5 Kf8 27. Kf2 Nd7 28. Nd6 Bc8 29. Nxe8 Rxe8 30. Rxd4 Ne5 31. Be2 a5 32. Rc5 Be6 33. Rxe5 1-0

[Event "December 19 Early 2023"]
[Site "https://www.chess.com"]
[Date "2023.12.19"]
[Round "4"]
[White "Dyachuk, Artem"]
[Black "Ohler, Julius"]
[Result "1-0"]
[Board "136"]
[TimeControl "180+1"]
[WhiteFideId "34107924"]
[BlackFideId "16238982"]
[WhiteElo "2244"]
[BlackElo "2200"]
[WhiteTeam "UKR"]
[BlackTeam "GER"]
[WhiteClock "0:01:15"]
[BlackClock "0:00:57"]

1. e4 c6 2. Nc3 d5 3. Nf3 dxe4 4. Nxe4 Nf6 5. Qe2 Na6 6. Nxf6+ gxf6 7. d4 Bg4 8. c3 Qd5 9. Qe3 Bxf3 10. gxf3 Nc7 11. Bd3 h5 12. Bd2 Bh6 13. Qe2 Bxd2+ 14. Qxd2 Ne6 15. Be4 Qg5 16. O-O-O O-O-O 17. Rhg1 Qxd2+ 18. Kxd2 Rdg8 19. Ke3 Nc7 20. c4 e6 21. h4 f5 22. Bc2 Kd7 23. Kf4 Ke7 24. Ke5 Rxg1 25. Rxg1 f6+ 26. Kf4 Kf7 27. Ke3 Rd8 28. f4 Rh8 29. Bd1 Ne8 30. Bf3 Nd6 31. b3 a5 32. d5 cxd5 33. cxd5 e5 34. fxe5 fxe5 35. Rg5 Kf6 36. Bxh5 f4+ 37. Kf3 Nf5 38. Rg6+ Kf7 39. Rh6+ Kg7 40. Rxh8 Kxh8 41. Ke4 1-0

[Event "December 19 Early 2023"]
[Site "https://www.chess.com"]
[Date "2023.12.19"]
[Round "4"]
[White "Ambartsumova, Karina"]
[Black "Goncalves, Davi Sulzbacher"]
[Result "1-0"]
[Board "137"]
[TimeControl "180+1"]
[WhiteFideId "4166299"]
[BlackFideId "2154510"]
[WhiteElo "2240"]
[BlackElo "2175"]
[WhiteTeam "RUS"]
[BlackTeam "BRA"]
[WhiteClock "0:01:12"]
[BlackClock "0:00:03"]

1. d4 d5 2. c4 e6 3. Nc3 Nf6 4. cxd5 exd5 5. Bg5 c6 6. e3 Bf5 7. Qf3 Bg6 8. Bxf6 Qxf6 9. Qxf6 gxf6 10. Kd2 Nd7 11. h4 h5 12. Bd3 b5 13. Nge2 Nb6 14. b3 b4 15. Nd1 Bd6 16. Nb2 a5 17. Rhc1 Kd7 18. Na4 Nxa4 19. bxa4 Rab8 20. Rab1 Rb6 21. Rc2 Rhb8 22. Nc1 Rg8 23. g3 Rc8 24. Nb3 Ra8 25. Rbc1 Be7 26. Rxc6 Rxc6 27. Bb5 Ke6 28. Rxc6+ Kf5 29. Rc7 Bd6 30. Bd7+ Ke4 31. Ke2 1-0

[Event "December 19 Early 2023"]
[Site "https://www.chess.com"]
[Date "2023.12.19"]
[Round "4"]
[White "Buchenau, Frank"]
[Black "Jakubowski, Krzysztof"]
[Result "0-1"]
[Board "138"]
[TimeControl "180+1"]
[WhiteFideId "4604350"]
[BlackFideId "1112848"]
[WhiteElo "2157"]
[BlackElo "2369"]
[WhiteTeam "GER"]
[BlackTeam "POL"]
[WhiteClock "0:00:00"]
[BlackClock "0:01:38"]

1. e4 c5 2. Nf3 e6 3. d4 cxd4 4. Nxd4 a6 5. Bd3 Bc5 6. Nb3 Ba7 7. O-O Nc6 8. Qe2 Nge7 9. Be3 O-O 10. Bxa7 Rxa7 11. f4 d6 12. c4 b5 13. cxb5 axb5 14. Bxb5 Bb7 15. Nc3 Qa8 16. a4 Nb4 17. f5 exf5 0-1

[Event "December 19 Early 2023"]
[Site "https://www.chess.com"]
[Date "2023.12.19"]
[Round "4"]
[White "Do Nascimento,Christian Almeida"]
[Black "Kahlert, Thomas"]
[Result "0-1"]
[Board "139"]
[TimeControl "180+1"]
[WhiteFideId "2143801"]
[BlackFideId "4625242"]
[WhiteElo "2118"]
[BlackElo "2221"]
[WhiteTeam "BRA"]
[BlackTeam "GER"]
[WhiteClock "0:00:10"]
[BlackClock "0:01:12"]

1. e4 e5 2. Nf3 Nc6 3. Bb5 a6 4. Ba4 Nf6 5. O-O Be7 6. Re1 b5 7. Bb3 d6 8. c3 O-O 9. h3 Na5 10. Bc2 c5 11. d4 Qc7 12. Nbd2 cxd4 13. cxd4 Bd7 14. Nf1 Rac8 15. Bd3 Nc6 16. dxe5 dxe5 17. a3 Rfd8 18. Qe2 Be6 19. Bg5 h6 20. Bh4 Nh5 21. Bxe7 Qxe7 22. Red1 Nf4 23. Qe3 Bb3 24. Rd2 Nd4 25. Ng3 g6 26. Kh2 Nxf3+ 27. Qxf3 Bc4 28. Rad1 Bxd3 29. Rxd3 Rxd3 30. Rxd3 Nxd3 31. Qxd3 Rd8 32. Qe3 Kg7 33. Qb6 Rd2 34. b4 Qd6 35. Qe3 Rd3 36. Qe2 Rxa3 37. Qg4 Qe6 38. Qh4 Qf6 39. Qg4 Qxf2 40. Nf5+ Kh7 41. Ng3 Rxg3 42. Qxg3 Qxg3+ 43. Kxg3 f5 44. Kf3 Kg7 45. g3 Kf6 46. Ke3 Ke6 47. Kd3 f4 48. Ke2 fxg3 49. Kf3 Kf6 50. h4 h5 51. Kxg3 g5 52. Kh3 g4+ 53. Kg2 Ke6 54. Kf2 Kd6 55. Ke3 Kc6 56. Kd3 Kb6 57. Ke3 a5 0-1

[Event "December 19 Early 2023"]
[Site "https://www.chess.com"]
[Date "2023.12.19"]
[Round "4"]
[White "Skatchkov, Valery"]
[Black "Cansun, Can Alp"]
[Result "0-1"]
[Board "140"]
[TimeControl "180+1"]
[WhiteFideId "24195812"]
[BlackFideId "6390188"]
[WhiteElo "2320"]
[BlackElo "2031"]
[WhiteTeam "RUS"]
[BlackTeam "TUR"]
[WhiteClock "0:00:06"]
[BlackClock "0:00:29"]

1. d4 Nf6 2. c4 e6 3. Nf3 b6 4. g3 Bb7 5. Bg2 Be7 6. Nc3 Ne4 7. Bd2 f5 8. d5 O-O 9. Qc2 Nd6 10. b3 Bf6 11. Rd1 Qe7 12. dxe6 dxe6 13. O-O Nd7 14. Be3 c5 15. Bf4 Nf7 16. e4 e5 17. Bc1 fxe4 18. Nd2 Ng5 19. Ndxe4 Nxe4 20. Nxe4 Rfd8 21. Bb2 Nf8 22. Nxf6+ gxf6 23. Bxb7 Qxb7 24. Qf5 Qe7 25. f4 Ng6 26. fxe5 fxe5 27. Rde1 Rf8 28. Qe4 Rxf1+ 29. Rxf1 Rf8 30. Qd5+ Kg7 31. Re1 Re8 32. Kg2 Qg5 33. Re2 Nf4+ 0-1

[Event "December 19 Early 2023"]
[Site "https://www.chess.com"]
[Date "2023.12.19"]
[Round "4"]
[White "Stillger, Bernhard"]
[Black "Lund, Gunnar"]
[Result "1/2-1/2"]
[Board "141"]
[TimeControl "180+1"]
[WhiteFideId "4610768"]
[BlackFideId "1520814"]
[WhiteElo "2252"]
[BlackElo "2233"]
[WhiteTeam "GER"]
[BlackTeam "NOR"]
[WhiteClock "0:00:01"]
[BlackClock "0:00:08"]

1. Nf3 h6 2. e4 a6 3. d4 e6 4. c4 d6 5. Nc3 Nc6 6. Be3 Bd7 7. d5 Ne5 8. Nxe5 dxe5 9. c5 Nf6 10. Bc4 exd5 11. exd5 b6 12. c6 Bc8 13. O-O Bd6 14. h3 O-O 15. a4 Bf5 16. Qf3 Bg6 17. Qe2 Qc8 18. f4 exf4 19. Bxf4 Re8 20. Qd2 Qd8 21. b3 Bb4 22. Qb2 Bxc3 23. Qxc3 Nxd5 24. Qg3 Nxf4 25. Rxf4 Qd6 26. Raf1 Re7 27. Qg4 Qxc6 28. Rf6 Qc5+ 29. Kh1 Kh8 30. R6f4 Qg5 31. Qf3 Rf8 32. Bxa6 Bh5 33. Qf2 f6 34. Bc4 Bf7 35. Rg4 Qe5 36. Rf4 Bxc4 37. Rxc4 Rfe8 38. Qf4 Qxf4 39. Rfxf4 Rd8 40. Rc6 Rd3 41. b4 Ra3 42. b5 Kg8 43. Rfc4 Rg3 44. Rxc7 Re2 45. Rg4 Rxg4 46. hxg4 Re4 47. a5 bxa5 48. b6 Rb4 49. Ra7 Rxb6 50. Rxa5 Rb4 51. g5 hxg5 52. Kh2 Kh7 53. Kg3 Kg6 54. Ra8 Rb3+ 55. Kf2 Rb4 56. Kf3 Rb5 57. Ra7 Rb6 58. Kf2 Rc6 59. Rb7 Rc2+ 60. Kf3 Rc3+ 61. Kf2 Rc2+ 62. Kf1 Rc3 63. Kf2 Rc5 64. Kf3 Rf5+ 65. Kg3 Rf4 66. Rc7 Kh6 67. Kh3 Kg6 68. g3 Re4 69. Kg2 g4 70. Kf2 Re5 71. Rc6 Kg5 72. Ra6 g6 73. Ra7 f5 74. Ra6 Rc5 75. Rb6 Rc2+ 76. Kf1 Rc3 77. Kf2 Rc2+ 78. Kf1 Ra2 79. Kg1 Kh5 80. Kh1 g5 81. Rf6 Rf2 82. Kg1 Rf3 83. Kg2 f4 84. gxf4 gxf4 85. Rf5+ Kh4 86. Rf8 Rg3+ 87. Kf2 Rf3+ 88. Kg2 Kg5 89. Rg8+ Kf5 90. Rf8+ Ke5 91. Re8+ Kd4 92. Rd8+ Ke3 93. Re8+ Kd2 94. Rg8 Rg3+ 95. Kf2 Kd3 96. Rd8+ Ke4 97. Re8+ Kd4 98. Rd8+ Ke5 99. Re8+ Kd5 100. Rd8+ Kc4 101. Rf8 Rf3+ 102. Ke2 Re3+ 103. Kf2 Re4 104. Rf5 Rd4 105. Rg5 g3+ 106. Kf3 Kd3 107. Ra5 Rc4 108. Ra3+ Rc3 109. Ra4 Kd2+ 110. Kxf4 g2 111. Ra2+ Rc2 112. Ra1 Rc1 113. Ra2+ Rc2 114. Ra1 Rc3 115. Ra2+ Rc2 1/2-1/2

[Event "December 19 Early 2023"]
[Site "https://www.chess.com"]
[Date "2023.12.19"]
[Round "4"]
[White "Matveeva, Olga"]
[Black "Antunez Soler, Luis"]
[Result "0-1"]
[Board "142"]
[TimeControl "180+1"]
[WhiteFideId "24107018"]
[BlackFideId "3513335"]
[WhiteElo "1883"]
[BlackElo "2154"]
[WhiteTeam "RUS"]
[BlackTeam "CUB"]
[WhiteClock "0:00:00"]
[BlackClock "0:00:45"]

1. d4 d5 2. c4 c6 3. Nf3 Nf6 4. Qb3 dxc4 5. Qxc4 Bg4 6. Nc3 Nbd7 7. Bf4 e6 8. e4 Be7 9. Be2 O-O 10. O-O Nb6 11. Qd3 c5 12. d5 exd5 13. exd5 Nfxd5 14. Nxd5 Qxd5 15. Qe3 Bf6 16. Rad1 Qxa2 17. Qxc5 Qxb2 18. Rfe1 Qc3 19. Qb5 Rfe8 20. h3 Bxf3 21. gxf3 Rac8 22. Kg2 Qc5 23. Qb3 Bc3 24. Rc1 Qb4 25. Qxb4 Bxb4 26. Red1 Rxc1 27. Bxc1 h6 28. Bb5 Rc8 29. Be3 Bc5 30. Bxc5 Rxc5 31. Rd8+ Kh7 32. Bd3+ g6 33. Rb8 Rc7 34. Be4 Nd7 35. Rxb7 Rxb7 36. Bxb7 Nc5 37. Bd5 Kg7 38. f4 Kf6 39. Kf3 a5 40. Ke3 Ne6 41. Ke4 a4 42. h4 a3 43. f3 Nc7 44. Bc4 Ne8 0-1

[Event "December 19 Early 2023"]
[Site "https://www.chess.com"]
[Date "2023.12.19"]
[Round "4"]
[White "Weishaeutel, Moritz"]
[Black "Delorme, Axel"]
[Result "1-0"]
[Board "143"]
[TimeControl "180+1"]
[WhiteFideId "12967300"]
[BlackFideId "632023"]
[WhiteElo "2321"]
[BlackElo "2478"]
[WhiteTeam "GER"]
[BlackTeam "FRA"]
[WhiteClock "0:00:30"]
[BlackClock "0:00:05"]

1. e4 c5 2. d4 cxd4 3. c3 dxc3 4. Nxc3 Nc6 5. Nf3 e6 6. Bc4 a6 7. O-O b5 8. Bb3 Bb7 9. Re1 Na5 10. a4 Nxb3 11. Qxb3 b4 12. Nd5 Bxd5 13. exd5 Nf6 14. Bf4 Bc5 15. Rac1 Qb6 16. a5 Qxa5 17. dxe6 dxe6 18. Rxe6+ fxe6 19. Qxe6+ Kf8 20. Rxc5 Qxc5 21. Bd6+ Qxd6 22. Qxd6+ Ke8 23. Ne5 Rf8 24. f4 a5 25. g4 h6 26. Qe6+ Kd8 27. Qd6+ Ke8 28. g5 hxg5 29. fxg5 Ng8 30. Qd7# 1-0

[Event "December 19 Early 2023"]
[Site "https://www.chess.com"]
[Date "2023.12.19"]
[Round "4"]
[White "Leve, Nitai"]
[Black "Kvaloy, Aksel Bu"]
[Result "0-1"]
[Board "144"]
[TimeControl "180+1"]
[WhiteFideId "2006898"]
[BlackFideId "1528815"]
[WhiteElo "2144"]
[BlackElo "2265"]
[WhiteTeam "USA"]
[BlackTeam "NOR"]
[WhiteClock "0:00:00"]
[BlackClock "0:00:38"]

1. e4 e5 2. Nf3 Nf6 3. d4 Nxe4 4. Nxe5 Nc6 5. Bd3 Nxe5 6. Bxe4 d5 7. dxe5 dxe4 8. Qxd8+ Kxd8 9. b3 Bb4+ 10. Ke2 b6 11. Bb2 Ke7 12. a3 Ba6+ 13. c4 Bc5 14. Nd2 Ke6 15. Nxe4 Be7 16. Rad1 Bb7 17. Ke3 Rad8 18. f4 g6 19. g4 Rxd1 20. Rxd1 h5 21. f5+ gxf5 22. gxf5+ Kxf5 23. Rd7 Re8 24. Ng3+ Ke6 25. Rxc7 Rb8 26. Nxh5 Bc5+ 27. Kf4 Bf8 28. Kg4 Bh6 29. b4 Rg8+ 30. Kh4 Bg5+ 31. Kh3 Bf3 0-1

[Event "December 19 Early 2023"]
[Site "https://www.chess.com"]
[Date "2023.12.19"]
[Round "4"]
[White "Kovalevsky, Stanislav"]
[Black "Dowgird, Filip"]
[Result "0-1"]
[Board "145"]
[TimeControl "180+1"]
[WhiteFideId "13508598"]
[BlackFideId "1121235"]
[WhiteElo "2043"]
[BlackElo "2248"]
[WhiteTeam "FID"]
[BlackTeam "POL"]
[WhiteClock "0:00:12"]
[BlackClock "0:01:15"]

1. e4 d6 2. c4 Nf6 3. Nc3 e5 4. g3 Be7 5. Bg2 c6 6. Nge2 a6 7. O-O b5 8. b3 Nbd7 9. d4 O-O 10. f4 bxc4 11. bxc4 Nb6 12. Qd3 Be6 13. d5 cxd5 14. exd5 Bg4 15. fxe5 dxe5 16. Be3 Rc8 17. Rxf6 Bxf6 18. c5 e4 19. Nxe4 Bxe2 20. Qxe2 Bxa1 21. cxb6 Re8 22. Qd3 f5 23. Nc5 Qxb6 24. Qxf5 Rxc5 25. Bxc5 Qxc5+ 26. Kf1 Rf8 0-1

[Event "December 19 Early 2023"]
[Site "https://www.chess.com"]
[Date "2023.12.19"]
[Round "4"]
[White "Hajiyev, Kanan"]
[Black "Khromkin, Andrey"]
[Result "1/2-1/2"]
[Board "146"]
[TimeControl "180+1"]
[WhiteFideId "13404148"]
[BlackFideId "4154126"]
[WhiteElo "2102"]
[BlackElo "2390"]
[WhiteTeam "AZE"]
[BlackTeam "RUS"]
[WhiteClock "0:00:33"]
[BlackClock "0:00:57"]

1. d4 d5 2. Nf3 a6 3. c4 dxc4 4. a4 Nc6 5. e4 Bg4 6. d5 Na5 7. Nbd2 Nf6 8. h3 Bxf3 9. Qxf3 e6 10. Nxc4 Nxc4 11. Bxc4 Bb4+ 12. Kf1 exd5 13. exd5 O-O 14. Bg5 Re8 15. Bxf6 Qxf6 16. Qxf6 gxf6 17. h4 Re4 18. b3 Rae8 19. g3 Re1+ 20. Kg2 Rxh1 21. Rxh1 Re1 22. Rh3 Kf8 23. g4 Ke7 24. Rf3 Bd6 25. Rf5 Re5 26. Rf3 Re4 27. Kh3 Bc5 28. Bd3 Rd4 29. Bxh7 Rxd5 30. Be4 Rd2 31. Bxb7 Bxf2 32. Bxa6 Bc5 33. h5 Bd6 34. Re3+ Kf8 35. Be2 Kg7 36. a5 Ra2 37. a6 Kh6 38. Kg2 Kg5 39. Kf3 f5 40. gxf5 Kxf5 41. Re8 Kg5 42. Ke3 f5 43. Rg8+ Kh6 44. Kd3 Rxa6 45. Rg6+ Kh7 46. Kc4 Rb6 47. Bd3 Be5 48. Bxf5 Rxg6 49. hxg6+ Kg7 50. Kd5 Bf4 51. b4 Bg3 52. b5 Bh2 53. Kc6 Bg3 54. Be4 Bf4 55. Bd3 Bg3 56. Bc2 Bf4 57. Bb1 Bg3 58. Bf5 Bf4 59. Kd7 Bg3 60. Ke6 Bf4 61. Kd5 Bg3 62. Ke4 Bh2 63. Kf3 Bd6 64. Kg4 Bh2 65. Be4 Bd6 66. Kf5 Bc5 67. Bd3 Bb6 68. Ke6 Ba5 69. Kd7 Bb6 70. Kc6 Ba5 71. Bf5 Bb6 72. Kb7 Ba5 73. Be4 Bb6 74. Ka6 Bd4 75. Kb7 Be5 76. Kc6 Bf4 77. Bd3 Bg3 78. Kd7 Bh2 79. Ke6 Bg3 80. Kd5 Bh2 81. Bc2 Bg3 82. Kc6 Bh2 83. Kc5 Bg3 84. Bd3 Bh2 85. Kc4 Bg3 86. Kb3 Bh2 87. Ka4 Bg3 88. Ka5 Bh2 89. Ka6 Bg3 90. Kb7 Bh2 91. Kc8 Bg3 92. Kd8 Bh2 93. Ke8 Bg3 94. Ke7 Bh2 95. Ke6 Bg3 96. Kf5 Bh2 97. Kg4 Bd6 98. Kf3 Be5 99. Ke2 Bd6 100. Ke3 Be5 101. Kf3 Bd6 102. Ke3 1/2-1/2

[Event "December 19 Early 2023"]
[Site "https://www.chess.com"]
[Date "2023.12.19"]
[Round "4"]
[White "Saravana, Krishnan P."]
[Black "Fonseca Manrique, Enrique"]
[Result "1-0"]
[Board "147"]
[TimeControl "180+1"]
[WhiteFideId "5018382"]
[BlackFideId "5114330"]
[WhiteElo "2167"]
[BlackElo "2133"]
[WhiteTeam "IND"]
[BlackTeam "MEX"]
[WhiteClock "0:01:51"]
[BlackClock "0:00:55"]

1. e4 c5 2. Nf3 e6 3. d4 cxd4 4. Nxd4 Nc6 5. Nc3 Qc7 6. Ncb5 Qb8 7. Bd3 Nf6 8. O-O a6 9. Nxc6 bxc6 10. Nc3 d5 11. Qe2 Be7 12. f4 a5 13. Kh1 O-O 14. e5 Nd7 15. Rf3 g6 16. Rh3 Nc5 17. b3 Ba6 18. Be3 Nxd3 19. cxd3 c5 20. Qg4 Bxd3 21. Qd1 Bf5 22. g4 Bxg4 23. Qxg4 d4 24. Ne4 dxe3 25. Nf6+ Bxf6 26. exf6 Qb7+ 27. Kg1 Qe4 28. Rxh7 Qd4 29. Rg7+ 1-0

[Event "December 19 Early 2023"]
[Site "https://www.chess.com"]
[Date "2023.12.19"]
[Round "4"]
[White "Fishchuk, Vladyslav"]
[Black "Kiselev, Pavel"]
[Result "1-0"]
[Board "148"]
[TimeControl "180+1"]
[WhiteFideId "34122117"]
[BlackFideId "4191102"]
[WhiteElo "2055"]
[BlackElo "2145"]
[WhiteTeam "UKR"]
[BlackTeam "RUS"]
[WhiteClock "0:02:28"]
[BlackClock "0:02:13"]

1. Nc3 Nf6 2. e4 d6 3. d4 Nbd7 4. Nf3 e5 5. Bc4 exd4 6. Qxd4 Be7 7. Bg5 O-O 8. O-O-O Re8 9. h4 Bf8 10. h5 h6 11. Bh4 Ne5 12. Nxe5 1-0

[Event "December 19 Early 2023"]
[Site "https://www.chess.com"]
[Date "2023.12.19"]
[Round "4"]
[White "Novikov, Evgenij"]
[Black "Matthes, Aaron"]
[Result "1-0"]
[Board "149"]
[TimeControl "180+1"]
[WhiteFideId "4125380"]
[BlackFideId "16227310"]
[WhiteElo "2242"]
[BlackElo "2384"]
[WhiteTeam "RUS"]
[BlackTeam "GER"]
[WhiteClock "0:00:02"]
[BlackClock "0:00:00"]

1. d4 Nf6 2. c4 b6 3. Nc3 Bb7 4. d5 e6 5. a3 Bd6 6. e4 Be5 7. Nge2 exd5 8. cxd5 O-O 9. Be3 Re8 10. Qc2 c6 11. O-O-O cxd5 12. exd5 d6 13. Kb1 Nbd7 14. Ng3 Bxc3 15. Qxc3 Nxd5 16. Qd4 Nxe3 17. fxe3 Qg5 18. Qxd6 Nc5 19. Bb5 Rxe3 20. Rhf1 Qg6+ 21. Nf5 Qxd6 22. Nxd6 Bxg2 23. Rxf7 Ne4 24. Bc4 Nxd6 25. Rxd6 Kh8 26. Rxa7 Rf8 27. Rxb6 Be4+ 28. Ka2 Rh3 29. Re6 Bf5 30. Rf7 Rb8 31. Rxf5 Rxh2 32. Rb6 Rc8 33. Rfb5 h5 34. Rb4 h4 35. Be6 Re8 36. Rb8 1-0

[Event "December 19 Early 2023"]
[Site "https://www.chess.com"]
[Date "2023.12.19"]
[Round "4"]
[White "Mohammed, Zozek Salah Mohammed"]
[Black "Souleidis, Georgios"]
[Result "1-0"]
[Board "150"]
[TimeControl "180+1"]
[WhiteFideId "4803361"]
[BlackFideId "4206827"]
[WhiteElo "2211"]
[BlackElo "2401"]
[WhiteTeam "IRQ"]
[BlackTeam "GRE"]
[WhiteClock "0:00:54"]
[BlackClock "0:00:03"]

1. d4 Nf6 2. Nf3 g6 3. g3 Bg7 4. Bg2 O-O 5. O-O d6 6. b3 a5 7. Bb2 a4 8. c4 axb3 9. axb3 Rxa1 10. Bxa1 c6 11. Nc3 Qa5 12. Qd2 Bg4 13. Nd5 Qd8 14. Nxf6+ Bxf6 15. d5 Bxa1 16. Rxa1 Bxf3 17. Bxf3 c5 18. b4 Na6 19. b5 Nb4 20. Qb2 Qd7 21. Ra7 h5 22. Qa3 Rb8 23. h4 Kg7 24. Qc3+ Kh7 25. Qa3 Kg7 26. Kg2 Qf5 27. Ra8 Rxa8 28. Qxa8 Qd7 29. Qb8 f5 30. e3 Kf7 31. Bd1 e5 32. Qh8 Qe7 33. Qh7+ Kf6 34. Qh8+ Kf7 35. Qc8 Kg7 36. b6 Kf7 37. Ba4 f4 38. Qc7 Na6 39. Qc8 fxg3 40. fxg3 Kg7 41. Bc6 bxc6 42. dxc6 Qf7 43. Qd7 Nb8 1-0